Workbook

Sheet MP30 615100
G1: Approver: | H1: Edwin | M1: USD
A2: POs under Project / Tooling Expense: MP30 615100 (Mass Spec) | F2: SGD | G2: USD | L2: CEA | M2: =SUM(G30,G33,G34,G35,G48) -> 297.86296
E3: Budget | G3: 51567 | L3: without CEA | M3: =SUM(F4-M2) -> 30403.269
E4: 2019 YTD Spend | F4: =SUM(F8:F105) -> 30701.132 | G4: =SUM(G8:G99) -> 22741.427
E5: Difference | G5: =G3-G4 -> 28825.573 | L5: Scrap - 750120
L6: Rework - 625200
A7: S/N | B7: PO Date | C7: PO# | D7: Raised By | E7: Supplier | F7: PO Amount (SGD) | G7: PO Amount (USD) | H7: Details | I7: Group | J7: GROUPING | L7: Spend Breakdown | M7: USD | N7: Grouping | O7: Spend breakdown2 | P7: USD2
A8: 1 | B8: 43480 | C8: 2019-025 | D8: Siddharth | E8: VWR Singapore Pte Ltd | F8: 74.9 | G8: =F8/1.35 -> 55.481481 | H8: Calibration 200uL pipette | K8: 1 | L8: NRE & Tool Cost
A9: 2 | B9: 43481 | C9: 2019-027 | D9: Siddharth | E9: Ming Deng | F9: 149.8 | G9: =F9/1.35 -> 110.96296 | H9: Calibration Multimeter | K9: 2 | L9: FA Sample / Evaluation Run Cost
A10: 3 | B10: 43481 | C10: MRO PO 4502316822 | D10: Siddharth | E10: Waters | F10: =G10*1.35 -> 444.123 | G10: 328.98 | H10: Union Peek (x10) and Screws (x14) | K10: 3 | L10: Material Purchase Cost
A11: 4 | B11: 43482 | C11: MRO PO 4502317306 | D11: Siddharth | E11: Waters | F11: =G11*1.35 -> 158.22 | G11: 117.2 | H11: Power cords for the test bays (x40) | K11: 4 | L11: ECO Change Impact Cost
A12: 5 | B12: 43482 | C12: 2019-030 | D12: Siddharth | E12: Element 14 | F12: 182.16 | G12: =F12/1.35 -> 134.93333 | H12: Computer Cable (x7) | K12: 5 | L12: Supplier Development Project
A13: 6 | B13: 43495 | C13: 2019-056 | D13: Siddharth | E13: Merck Pte Ltd | F13: 983.33 | G13: =F13/1.35 -> 728.39259 | H13: Formic Acid (1L) | K13: 6 | L13: SQT Testing
A14: 7 | B14: 43496 | C14: MRO | D14: Siddharth | E14: Waters | F14: =G14*1.35 -> 512.325 | G14: 379.5 | H14: Duran Bottle (x10) | K14: 7 | L14: Rework
A15: 8 | B15: 43510 | C15: 2019-073 | D15: Jie Hui | E15: SMC Pneumatics (SEA) Pte Ltd | F15: 103.3 | G15: =F15/1.35 -> 76.518519 | H15: AMD-EL350 ELEMENT | K15: 8 | L15: Miscellaneous / etc
A16: 9 | B16: 43524 | C16: 2019-100 | D16: Siddharth | E16: Fisher Scientific Pte Ltd | F16: 149.37 | G16: =F16/1.35 -> 110.64444 | H16: Safety Glass Holder | K16: 9 | L16: Training
A17: 10 | B17: 43545 | C17: 2019-138 | D17: Siddharth | E17: UniCal Pte Ltd | F17: 428 | G17: =F17/1.35 -> 317.03704 | H17: Calibration Data Logger (x4) | K17: 10 | L17: Cross Charge
A18: 11 | B18: 43557 | C18: MRO STO#4701703170 | D18: Siddharth | E18: Waters | F18: =G18*1.35 -> 2124.684 | G18: 1573.84 | H18: 515 HPLC pump
A19: 12 | B19: 43560 | C19: 2019-168 | D19: Yin Ying | E19: Venture | F19: =G19*1.35 -> 11710.481 | G19: 8674.43 | H19: ECO Impact Cost
A20: 13 | B20: 43563 | C20: 2019-175 | D20: Siddharth | E20: VWR Singapore Pte Ltd | F20: 384.13 | G20: =F20/1.35 -> 284.54074 | H20: Formic Acid (100ml)
A21: 14 | B21: 43565 | C21: 2019-180 | D21: Siddharth | E21: UniCal Pte Ltd | F21: 428 | G21: =F21/1.35 -> 317.03704 | H21: Calibration Data Logger (x4)
A22: 15 | B22: 43570 | C22: 2019-185 | D22: Jie Hui | E22: Micro Precision | F22: 192.6 | G22: =F22/1.35 -> 142.66667 | H22: Calibration ESD Personnel Test Station
A23: 16 | B23: 43593 | C23: 2019-221 | D23: Jie Hui | E23: Micro Precision | F23: 214 | G23: =F23/1.35 -> 158.51852 | H23: Clibration for Pipette & Traceable Stopwatch/ Timer Big Digit 4 Channel
A24: 17 | B24: 43594 | C24: 2019-222 | D24: Siddharth | E24: Aik Moh Paints & Chemicals Pte Ltd | F24: 620.6 | G24: =F24/1.35 -> 459.7037 | H24: Acetonitrile (4Lx4)
A25: 18 | B25: 43620 | C25: 2019-250 | D25: Yin Ying | E25: Hi-Q Electronics | F25: =G25*1.35 -> 6399.2295 | G25: 4740.17 | H25: Quickturn PCB for Mantis
A26: 19 | B26: 43628 | C26: 2019-243 | D26: Siddharth | E26: Modern Asia Environmental Holdings Pte Ltd | F26: 406.6 | G26: =F26/1.35 -> 301.18519 | H26: Used Empty Bottles (38), Used Carboy (5), Sharp Waste (4), Contaminated Solid Waste (1 bag), Used Crude Oil (6 bottle)
A27: 20 | B27: 43628 | C27: 2019-257 | D27: Siddharth | E27: Alcare Pharmaceuticals Pte Ltd | F27: 144.31 | G27: =F27/1.35 -> 106.8963 | H27: First Aid Box (content C), Plaster handy plastic, CPR mouth piece kit
A28: 21 | B28: 43670 | C28: 2019-325 | D28: Jie Hui | E28: Merck Pte Ltd | F28: 2931.8 | G28: =F28/1.35 -> 2171.7037 | H28: LEUCINE ENKEPHALIN ACETATE HYDRATE
A29: 22 | B29: 43670 | C29: 2019-326 | D29: Jie Hui | E29: Aik Moh Paints & Chemicals Pte Ltd | F29: 620.6 | G29: =F29/1.35 -> 459.7037 | H29: ACETONITRILE OPTIMA *LC/MS, ALSO MEET ACS 99.9% - 4LIT (FISHER US)
A30: 23 | B30: 43682 | C30: 2019-341 | D30: Jie Hui | E30: Micro Precision | F30: 42.8 | G30: =F30/1.35 -> 31.703704 | H30: Clibration for Weight 1g & 10g
A31: 24 | B31: 43707 | C31: 2019-389 | D31: Siddharth | E31: Sartorius Singapore Pte Ltd | F31: 160.5 | G31: =F31/1.35 -> 118.88889 | H31: 1g weight
A32: 25 | B32: 43742 | C32: 2019-459 | D32: Siddharth | E32: Aik Moh Paints & Chemicals Pte Ltd | F32: 775.75 | G32: =F32/1.35 -> 574.62963 | H32: 4L Acetonitrile (5 bottles)
A33: 26 | B33: 43748 | C33: 2019-468 | D33: Siddharth | E33: Simply Science | F33: =338.12 -> 338.12 | G33: =F33/1.35 -> 250.45926 | H33: Exhaust Fileter(x2)
A34: 27 | B34: 43767 | C34: 2019-488 | D34: Jie Hui | E34: Micro Precision | F34: =21.4 -> 21.4 | G34: 15.7 | H34: Calibration for weight-1g (SGD21.40) | I34: 11
A35: 28
A36: 29
A37: 30
A38: 31
A39: 32
A40: 33
A41: 34
A42: 35
A43: 36
A44: 37
A45: 38
A46: 39
... A102: 95

Sheet WP21 615100
A1: POs under Project / Tooling Expense: WP21 615100 | G1: Approver: | H1: Yin Ying
E2: Budget | F2: 79902
C3: Unbudgeted | E3: 2019 YTD Spend | F3: =SUM(F8:F68) -> 119183.93
C4: Pkg test | D4: =N14 -> 25890.86 | E4: Exclude SIT & PKG Test | F4: =F3-D4-D5 -> 50221.804
C5: SIT spend | D5: =N13 -> 43071.27 | E5: Bal b/fwd from 2018 | F5: =SUM(F72:F78) -> 36070.2 | M5: Scrap - 750120
D6: =SUM(D4:D5) -> 68962.13 | E6: Difference | F6: =F2-F4-F5 -> -6390.0043
A7: S/N | B7: PO Date | C7: PO# | D7: Raised By | E7: Supplier | F7: PO Amount (USD) | G7: Details | H7: Group | I7: GROUP | J7: Invoice | K7: Remarks | M7: Spend Breakdown | N7: USD | O7: Grouping | P7: Spend breakdown2 | Q7: USD2
A8: 1 | B8: 43483 | C8: 2019-033 | D8: Yu Xue | E8: Key Point | F8: 950 | G8: NRE cost for 405001374 and 405001385 (CR - $20K / year) | H8: 1 | J8: 43586 | L8: 1 | M8: NRE & Tool Cost | N8: =SUMIF($H$8:$H$68,L8,$F$8:$F$68) -> 17238 | O8: A | P8: Outside Services | Q8: =SUMIF($I$8:$I$42,O8,$F$8:$F$41) -> 0
A9: 2 | B9: 43483 | C9: 2019-034 | D9: Yu Xue | E9: GVT | F9: 4600 | G9: 279003623 Heater - PACT HTL | H9: 5 | J9: 43586 | L9: 2 | M9: FA Sample / Evaluation Run Cost | N9: =SUMIF($H$8:$H$68,L9,$F$8:$F$68) -> 9362.78 | O9: B | P9: CM | Q9: =SUMIF($I$8:$I$42,O9,$F$8:$F$41) -> 0
A10: 3 | B10: 43508 | C10: 2019-068 | D10: Jie Hui | E10: Venture | F10: 1630 | G10: NRE cost for new PCB ECO9221775 | H10: 4 | J10: 43525 | L10: 3 | M10: Material Purchase Cost | N10: =SUMIF($H$8:$H$68,L10,$F$8:$F$68) -> 4027.265 | O10: C | P10: External suppliers | Q10: =SUMIF($I$8:$I$42,O10,$F$8:$F$41) -> 0
A11: 4 | B11: 43508 | C11: 2019-069 | D11: Jie Hui | E11: Venture | F11: 0 | G11: Scrap cost ECO9225978 (Scrap account) | H11: 4 | J11: Billed | L11: 4 | M11: ECO Change Impact Cost | N11: =SUMIF($H$8:$H$68,L11,$F$8:$F$68) -> 2325 | O11: D | P11: MRO | Q11: =SUMIF($I$8:$I$42,O11,$F$8:$F$41) -> 0
A12: 5 | B12: 43516 | C12: 2019-084 | D12: Bethany | E12: B&E | F12: 600 | G12: NRE cost to localize from Queenscrew to B&E | H12: 1 | J12: 43525 | L12: 5 | M12: PACT Project | N12: =SUMIF($H$8:$H$68,L12,$F$8:$F$68) -> 12432.46
A13: 6 | B13: 43516 | C13: 2019-084 | D13: Bethany | E13: B&E | F13: 240 | G13: FA cost to localize from Queenscrew to B&E | H13: 2 | J13: 43525 | L13: 6 | M13: SIT project | N13: =SUMIF($H$8:$H$68,L13,$F$8:$F$68) -> 43071.27
A14: 7 | B14: 43521 | C14: 2019-091 | D14: Bethany | E14: YKM | F14: 100 | G14: FA cost Machining Supplier consolidation | H14: 2 | J14: 43678 | L14: 7 | M14: Packaging Test | N14: =SUMIF($H$8:$H$68,L14,$F$8:$F$68) -> 25890.86
A15: 8 | B15: 43517 | C15: 2019-086 | D15: Yu Xue | E15: B&E | F15: 6000 | G15: NRE cost for 289008549, 405003422, 405011054 (CR - $39K/year) | H15: 1 | J15: 43556 | K15: Mar 2019 - $2,500 Apr 2019 - $3,500 | L15: 8 | M15: Rework | N15: =SUMIF($H$8:$H$68,L15,$F$8:$F$68) -> 330.49
A16: 9 | B16: 43517 | C16: 2019-087 | D16: Yu Xue | E16: YKM | F16: 1800 | G16: NRE cost for 405008747 (CR - 26K/year) | H16: 1 | J16: 43678 | L16: 9 | M16: Miscellaneous | N16: =SUMIF($H$8:$H$68,L16,$F$8:$F$68) -> 879.25926
A17: 10 | B17: 43525 | C17: 2019-098 | D17: Jie Hui | E17: Flex | F17: 0 | G17: Scrap cost of PN425002659 rev B O-Ring (Scrap account) | H17: 4 | J17: 43525 | L17: 10 | M17: Cross Charge | N17: =SUMIF($H$8:$H$68,L17,$F$8:$F$68) -> 3626.55
A18: 11 | B18: 43537 | C18: 2019-125 | D18: Bethany | E18: ETLA | F18: 973 | G18: NRE cost for 405012457,405002923,405002978 | H18: 1 | J18: 43739
A19: 12 | B19: 43539 | C19: 2019-128 | D19: Yin Ying | E19: Venture | F19: 127.05 | G19: 10 sets Housing Theta Drive Mag Encoder | H19: 3 | J19: 43556
A20: 13 | B20: 43539 | C20: 2019-130 | D20: Bethany | E20: Venture | F20: 100.15 | G20: Sample part purchase | H20: 3 | J20: 43647 | M20: Total | N20: =SUBTOTAL(109,Table2[USD]) -> 119183.93 | Q20: =SUBTOTAL(109,Table2[USD2]) -> 0
A21: 14 | B21: 43559 | C21: 2019-165 | D21: Bethany | E21: Flex | F21: 3000 | G21: NRE cost for WAT057569 & WAT081205 | H21: 1 | J21: 43586
A22: 15 | B22: 43578 | C22: 2019-201 | D22: Yu Xue | E22: Fagerdala | F22: 985 | G22: 290002213 Packaging NRE cost | H22: 2
A23: 16 | B23: 43578 | C23: 2019-201 | D23: Yu Xue | E23: Fagerdala | F23: 261 | G23: 290002213 Packaging Set Sample for drop test X2 | H23: 6 | J23: 43709
A24: 17 | B24: 43592 | C24: MRO | D24: Yin Ying | F24: 1445.2 | G24: PCM & TCM to CEI | H24: 2 | J24: 43586
A25: 18 | B25: 43598 | C25: 2019 -227 | D25: Chan Yee Hwa | E25: Flex | F25: 0 | G25: Flex BSM Rework cost (Temporary), charged to WP51 - Edwin | H25: 8 | J25: Billed
A26: 19 | B26: 43600 | C26: 2019-229 | D26: Yin Ying | E26: Baiteng | F26: 730.6 | G26: Samples for Breeze parts in blue | H26: 2 | J26: 43800
A27: 20 | B27: 43606 | C27: 2019-232 | D27: Jie Hui | E27: Venture | F27: 330.49 | G27: Rework for Beacon PN#289011937 & PN#289011915 | H27: 8 | J27: 43617
A28: 21 | B28: 43609 | C28: 2019-235 | D28: Jie Hui | E28: Fagerdala | F28: 8774 | G28: 290002213 Packaging Test | H28: 7 | J28: 43647
A29: 22 | B29: 43614 | C29: 2019-244 | D29: Bethany | E29: Mapconn | F29: 0 | G29: FA sample cost to switch to local supplier for better cost and monitoring - cancelled | H29: 2 | J29: NA
A30: 23 | B30: 43614 | C30: 2019-245 | D30: Yin Ying | E30: Fu Yu | F30: 11.24 | G30: ASSY DETECTOR,ASSY PANEL,PACKAGING BOX | H30: 2 | J30: 43800
A31: 24 | B31: 43647 | C31: 2019-284 | D31: Bethany | E31: China Synergy | F31: 1000 | G31: Tool modification to fix the feet thickness for Part# 405000929 | H31: 1 | J31: 43647
A32: 25 | B32: 43650 | C32: 2019-295 | D32: Bethany | E32: Venture | F32: 735 | G32: Tooling Cost for localization for degasser assembly transfer 289012863 | H32: 1 | J32: 43678
A33: 26 | B33: 43655 | C33: 2019-303 | D33: Bethany | E33: CEI | F33: 686.58 | G33: FA cost due to change of manufacturing location | H33: 2 | J33: 43678
A34: 27 | B34: 43662 | C34: 2019-311 | D34: Bethany | E34: CEI | F34: 0 | G34: NRE Cost for TCM/PCM PCB - $3,750 (reclass to CEA) | H34: 1 | J34: 43709
A35: 28 | B35: 43662 | C35: 2019-311 | D35: Bethany | E35: CEI | F35: 3626.55 | G35: FA Cost for TCM/PCM PCB | H35: 10 | K35: EQM PO 58770 to supersede WPPL PO
A36: 29 | B36: 43664 | C36: 2019-318 | D36: Bethany | E36: Venture | F36: 1087.61 | G36: Components to support for TCM/PCM PCBA | H36: 3 | J36: 43678
A37: 30 | B37: 43648 | C37: 2019.285 | D37: Bethany | E37: Flex | F37: 2409.25 | G37: Material purchase to support for SIT project | H37: 6 | J37: 43709
A38: 31 | B38: 43648 | C38: 2019-286 | D38: Bethany | E38: Venture | F38: 1006.79 | G38: Material purchase to support for SIT project | H38: 6 | J38: 43709
A39: 32 | B39: 43648 | C39: MRO | D39: Bethany | F39: 15375.23 | G39: Material purchase to support for SIT project | H39: 6 | J39: 43709
A40: 33 | B40: 43670 | C40: 2019-328 | D40: Yee Hwa | E40: Fagerdala | F40: 4850 | G40: 290002213 Packaging Test- Repeat Env Storage Test | H40: 7 | J40: 43678
A41: 34 | B41: 43682 | C41: 2019-343 | D41: Bethany | E41: Venture | F41: 1770.85 | G41: Material purchase to support for TCM/PCM | H41: 3 | J41: 43709
A42: 35 | B42: 43683 | C42: 2019-350 | D42: Bethany | E42: Milford | F42: 216 | G42: Material purchase to support for SIT project | H42: 6 | J42: NA
A43: 36 | B43: 43696 | C43: 2019-368 | D43: Yee Hwa | E43: Flex | F43: 129 | G43: Packaging for SIT project (recycle) | H43: 6 | J43: 43709
A44: 37 | B44: 43693 | C44: 2019-369 | D44: Yee Hwa | E44: Venture | F44: 424 | G44: Packaging for SIT project (recycle) | H44: 6 | J44: 43709
A45: 38 | B45: 43697 | C45: 2019-375 | D45: Bethany | E45: Venture | F45: 136.38 | G45: Material purchase to support for TCM/PCM | H45: 3 | J45: 43739
A46: 39 | B46: 43700 | C46: 2019-376 | D46: Yin Ying | E46: Venture | F46: 695 | G46: ECO - rework cost | H46: 4 | J46: 43770
A47: 40 | B47: 43700 | C47: 2019-357 | D47: Yin Ying | E47: Venture | F47: 980 | G47: Qda PCBA engineering NRE cost | H47: 1 | J47: 43709
A48: 41 | B48: 43703 | C48: 2019-381 | D48: Bethany | E48: Fagerdala | F48: 23250 | G48: Packaging for SIT project | H48: 6 | J48: Partial | K48: Oct '19 Partial - $1530
A49: 42 | B49: 43711 | C49: 2019-398 | D49: Yin Ying | E49: GVT | F49: 2015.3 | G49: Material purchase for PACT - purchase parts | H49: 5 | J49: Partial | K49: Dec '19 Partial - $863.70
A50: 43 | B50: 43718 | C50: 2019-405 | D50: Bethany | E50: Venture | F50: 116.6 | G50: Material purchase to support TCM/PCM | H50: 3 | J50: 43739
A51: 44 | B51: 43718 | C51: 2019-412 | D51: Bethany | E51: Venture | F51: 250.655 | G51: Material purchase for Part# 289001899 | H51: 3 | J51: 43739
A52: 45 | B52: 43720 | C52: 2019-414 | D52: Bethany | E52: Flex | F52: 0 | G52: Material purchase for Part# 430000604 - USD 360 CN received from CEI in Oct 2019 | H52: 3 | J52: 43709
A53: 46 | B53: 43720 | C53: MRO | D53: Bethany | F53: 0 | G53: Material purchase to support for SIT project - $8,278.97. PO cancel due to SIT demand cut | H53: 6 | J53: NA
A54: 47 | B54: 43720 | C54: 2019-415 | D54: Bethany | E54: CEI | F54: 0 | G54: FA PO for PCM_TCM transfer | H54: 10 | J54: NA | K54: Superseded by SAP PO#: 4502455593
A55: 48 | B55: 43724 | C55: 2019-417 | D55: Bethany | E55: Venture | F55: 12.98 | G55: Material purchase for Part# WAT022532 | H55: 3 | J55: 43739
A56: 49 | B56: 43728 | C56: 2019-429 | D56: Yin Ying | E56: Venture | F56: 5554.81 | G56: Material purchase for PACT - purchase parts | H56: 5 | J56: 43739
A57: 50 | B57: 43745 | C57: 2019-461 | D57: Bethany | E57: Venture | F57: 336.99 | G57: Purchase 1 each of 210000456, 210000460 as golden unit to CEI | H57: 3 | J57: 43770
A58: 51 | B58: 43748 | C58: 2019-471 | D58: Yin Ying | E58: Flex | F58: 10444.43 | G58: 290000695 detector packaging qualification test | H58: 7 | J58: 43800
A59: 52 | B59: 43748 | C59: 2019-474 | D59: Bethany | E59: CEI | F59: 1200 | G59: NRE PO. Activate localization due to price increase from US supplier Roger & Stockwell. | H59: 1 | J59: 43739
A60: 53 | B60: 43752 | C60: 2019-476 | D60: Bethany | E60: Venture | F60: 88 | G60: Material purchase Part# WAT207063 | H60: 3 | J60: 43770
A61: 54 | B61: 43774 | C61: 2019-502 | D61: Bethany | E61: HCG Environment Pte Ltd | F61: 300 | G61: Scrap of samples / catalogues | H61: 9 | J61: 43770
A62: 55 | B62: 43775 | C62: 2019-505 | D62: Yin Ying | E62: Venture | F62: 262.35 | G62: Vent Screw for GVT | H62: 5 | J62: 43800
A63: 56 | B63: 43780 | C63: 2019-514 | D63: Soo Chin | E63: Venture | F63: 1189.93 | G63: FA sample cost for Machining (YKM, Baiteng, Trend) | H63: 2 | J63: 43800
A64: 57 | B64: 43794 | C64: 2019-522 | D64: Bethany | E64: Venture | F64: 42.36 | G64: Material purchase Part# POLYBAG-004 | H64: 2 | J64: 43800
A65: 58 | B65: 43794 | C65: 2019-528 | D65: Bethany | E65: Flex | F65: 785.22 | G65: FA sample cost for Part# 289005258 for CR by changing the PEM hardware from US to china source | H65: 2 | J65: 43800
A66: 59 | B66: 43794 | C66: 2019-529 | D66: Yin Ying | E66: Flex | F66: 3146.65 | G66: 186015032 - for 210000415 PCBA investigation | H66: 2 | J66: 43800
A67: 60 | B67: 43804 | C67: 2019-548 | D67: Guan Yee | E67: Flex | F67: 1822.43 | G67: 290000695 rev E carton box redo drop test using 186015031 | H67: 7 | J67: 43800
A68: 61 | B68: 43816 | C68: 2019-564 | D68: Yin Ying | E68: 3D Metal Forge | F68: =782/1.35 -> 579.25926 | G68: Retirement Souvenir (SGD782) | H68: 9
B71: PO Date | C71: PO# | D71: Raised By | E71: Supplier | F71: PO Amount (USD) | G71: Details | H71: Group | I71: GROUP | J71: Invoice | K71: Remarks
B72: 43207 | C72: 2018-153 | D72: Yu Xue | E72: GVT | F72: 24825 | G72: EDB PACT - Transferline Assy, 279003623 Heater X10 | H72: 5 | J72: Partial | K72: Feb 2019 - $1,655
B73: 43409 | C73: 2018-489 | D73: Yu Xue | E73: Tempco | F73: 488.3 | G73: BMC samples to test EMI coating | H73: 2
B74: 43420 | C74: 2018-503 | D74: Yu Xue | E74: GVT | F74: 4773.75 | G74: PACT- PO for 3 sets "make" part | H74: 5 | J74: 43800 | K74: charge to MP30
B75: 43445 | C75: 2018-540 | D75: Bethany | E75: Baiteng | F75: 1550 | G75: FA sample PO | H75: 2 | J75: 43709
B76: 43445 | C76: 2018-540 | D76: Bethany | E76: Baiteng | F76: 64.5 | G76: NRE cost to localize from US supplier to Asia supplier | H76: 1 | J76: 43709
B77: 43454 | C77: 2018-569 | D77: Bethany | E77: Flextronics | F77: 4283.33 | G77: NRE Cost to localize from Technimetal to M&J | H77: 1 | J77: 43497
B78: 43458 | C78: 2018-577 | D78: Jie Hui | E78: CEI | F78: 85.32 | G78: Scrap for Part# 716001420 | J78: 43466

Sheet WP21 615150
A1: POs under Project Tooling Expense: WP21 615150 | G1: Approver: | H1: Edwin
F2: Budget | G2: 200873
F3: 2019 YTD Spend | G3: =SUM(G7:G135)-O13-O14-O17 -> 167523
F4: Difference | G4: =G2-G3 -> 33350 | N4: Scrap - 750120
N5: Rework - 625200
A6: S/N | B6: PO Date | C6: PO# | D6: MRO PO No | E6: Raised By | F6: Supplier | G6: PO Amount (USD) | H6: Details | I6: Group | J6: GROUPING | K6: CM | L6: Invoice | N6: Spend Breakdown | O6: USD | P6: Grouping | Q6: Spend breakdown2 | R6: USD2
A7: 1 | B7: 43467 | C7: 2019-001 | E7: Jie Hui | F7: Crest | G7: 17500 | H7: PM service for Crest system at RichPort and KeyPoint (original amount=SGD24500, 1USD=1.4 SGD) | I7: 11 | J7: C | K7: Keypoint/ Richport | M7: 11 | N7: Calibration Instrument Cost 2019 | O7: =SUMIF($I$7:$I$295,M7,$G$7:$G$295) -> 72145.925 | P7: A | Q7: Outside Services | R7: =SUMIF($J$7:$J$88,P7,$G$7:$G$88) -> 0
A8: 2 | B8: 43472 | C8: 2019-009 | E8: Jie Hui | F8: E-Flow Asia Pte Ltd | G8: 499.58 | H8: PARKER VALVE C/W 110VAC COIL (SGD$690) | I8: 12 | L8: 43617 | M8: 12 | N8: Repair cost Inst 2019 (Misc, spares, repair) | O8: =SUMIF($I$7:$I$295,M8,$G$7:$G$295) -> 38624.62
A9: 3 | B9: 43474 | C9: 2019-011 | E9: Jie Hui | F9: element14 | G9: 27.19 | H9: Cables for the new test bays at Venture (SGD$39.91) | I9: 12 | L9: 43466 | M9: 13 | N9: Spares for WPPL inventory | O9: =SUMIF($I$7:$I$295,M9,$G$7:$G$295) -> 24777.48
A10: 4 | B10: 43475 | C10: 2019-016 | E10: Jie Hui | F10: Flex | G10: 1383.9 | H10: Sourcing For Compress Dry Air Filter F504-01AH (SGD$1383.90) | I10: 12 | L10: 43497 | M10: 14 | N10: Chemicals (Consumables) | O10: =SUMIF($I$7:$I$295,M10,$G$7:$G$295) -> 4242.87
A11: 5 | B11: 43475 | C11: 2019-017 | E11: Jie Hui | F11: Flex | G11: 9470.54 | H11: Calibration claim for Jul~Oct 2018 | I11: 16 | M11: 0 | N11: Asset Replacement | O11: =SUMIF($I$7:$I$295,M11,$G$7:$G$295) -> 0
A12: 6 | B12: 43476 | C12: MRO | D12: PO#4502314401 | E12: Jie Hui | F12: Waters | G12: 42.88 | H12: Battery for TUV Detectors PM @ Venture | I12: 11 | L12: 43466 | M12: 15 | N12: Others | O12: =SUMIF($I$7:$I$295,M12,$G$7:$G$295) -> 25844.84
A13: 7 | B13: 43481 | C13: MRO | E13: Jie Hui | F13: Waters | G13: 487.5 | H13: HPLC System UV Test Solutions | I13: 14 | L13: 43497 | M13: 16 | N13: Calibration Cost Instrument 2018 | O13: =SUMIF($I$7:$I$295,M13,$G$7:$G$295) -> 12140.98
A14: 8 | B14: 43488 | C14: 2019-043 | E14: Jie Hui | F14: Merck | G14: 157.44 | H14: METHANOL, FOR HPLC, >=99.9% (SGD$214) | I14: 14 | L14: 43497 | M14: 17 | N14: Spares 2018 | O14: =SUMIF($I$7:$I$295,M14,$G$7:$G$295) -> 0
A15: 9 | B15: 43497 | C15: 2019-061 | E15: Jie Hui | F15: Flex | G15: 652 | H15: Troubleshooting on Alliance injectors issue. (Project expense) | I15: 15 | L15: 43497 | M15: 18 | N15: Calibration PCBA Cost 2019 | O15: =SUMIF($I$7:$I$295,M15,$G$7:$G$295) -> 11384
A16: 10 | B16: 43503 | C16: MRO | D16: STO#4701681747 | E16: Jie Hui | F16: Waters | G16: 1315.12 | H16: MRO PM for Column Manager Tester in Venture | I16: 11 | M16: 12P | N16: Repair cost PCBA 2019 | O16: =SUMIF($I$7:$I$295,M16,$G$7:$G$295) -> 0
A17: 11 | B17: 43510 | C17: 2019-072 | F17: Flex | G17: 1010.6 | H17: 2 sets of 700002789 & 1 sets of 700011785 Injector Assembly for investigation (Project Expense) | I17: 15 | L17: 43497 | M17: 19 | N17: Calibration Cost PCBA 2018 | O17: =SUMIF($I$7:$I$295,M17,$G$7:$G$295) -> 0
A18: 12 | B18: 43516 | C18: 2019-083 | E18: Jie Hui | F18: Optical Gaging | G18: 1184.13 | H18: Calibration OGP System Annual Service Agreement | I18: 11 | O18: =SUMIF($I$7:$I$295,M18,$G$7:$G$295) -> 0
A19: 13 | B19: 43524 | C19: 2019-099 | E19: Siddharth | F19: Inficon Pte Ltd | G19: 278.2 | H19: Helium Spray gun with hose (375.57SGD) | I19: 12 | M19: 20 | N19: Toolings | O19: =SUMIF($I$7:$I$295,M19,$G$7:$G$295) -> 1219.29
A20: 14 | B20: 43525 | C20: MRO | D20: STO#4701687730 | E20: Jie Hui | F20: Waters | G20: 6648.7 | H20: Safety stock for spares inventory | I20: 13 | L20: 43525 | M20: 21 | N20: Consumable | O20: =SUMIF($I$7:$I$295,M20,$G$7:$G$295) -> 0
A21: 15 | B21: 43528 | C21: 2019-110 | E21: Jie Hui | F21: Venture | G21: 543.84 | H21: Venture Jan 19 Calibration Claim - Calibration (Instrument) (LC) | I21: 11
G22: 205.54 | H22: Venture Jan 19 Calibration Claim - Miscellaneous Materials | I22: 12
G23: 160 | H23: Venture Jan 19 Calibration Claim - Others | I23: 12
A24: 16 | B24: 43535 | C24: 2019-120 | E24: Siddharth | F24: Schenker | G24: 141.75 | H24: Move and Transport Pallets (192.60SGD) | I24: 15
A25: 17 | B25: 43537 | C25: 2019-127 | E25: Jie Hui | F25: Flex | G25: 2670.44 | H25: Flex Dec 2018 claibration claim | I25: 16 | N25: Subtotal | O25: =SUBTOTAL(109,Table2459[USD]) -> 190380
A26: 18 | B26: 43539 | C26: 2019-129 | E26: Jingxuan | F26: Flex | G26: 230.72 | H26: Cost to scrap 8 sets of needle | I26: 15 | L26: 43556
A27: 19 | B27: 43542 | C27: 2019-133 | E27: Jie Hui | F27: Micro Precision | G27: 2105.59 | H27: Calibration for Chroma & Lambda (SGD$2,850.48) | I27: 11
A28: 20 | B28: 43545 | C28: 2019-135 | E28: HuaZhen | F28: ITS | G28: 175.84 | H28: OnSite calibration for tester TE82943-18 weighing balance at Flex (OESR S190038) | I28: 11 | L28: 43647
A29: 21 | B29: 43549 | C29: 2019-145 | E29: Jie Hui | F29: Keysight | G29: 689.78 | H29: Calibration for Function Generator & Mulitmeter (SGD$1022.92) | I29: 11 | L29: 43709
A30: 22 | B30: 43550 | C30: 2019-148 | E30: Jie Hui | F30: Flex | G30: 1258.86 | H30: Flex Jan 19 Calibration Claim - Calibration cost (Kallang) | I30: 11
G31: 360.16 | H31: Flex Jan 19 Calibration Claim - Repair cost (spare parts in Kallang) | I31: 12
G32: 1460.84 | H32: Flex Jan 19 Calibration Claim - Repair cost for GES | I32: 12
A33: 23 | B33: 43550 | C33: 2019-149 | E33: Jie Hui | F33: Tektronix | G33: 1085.82 | H33: Calibration for OSCILLOSCOPE, WPPL lab (SGD$1465.90) | I33: 11
A34: 24 | B34: 43553 | C34: 2019-154 | E34: Su Fern | F34: JEG Engineering | G34: 962.96 | H34: Cost to replace drive wheel for spiral wrap machine | I34: 20 | L34: 43586
A35: 25 | B35: 43556 | C35: MRO | D35: STO#4701703039 | E35: Jie Hui | F35: Waters | G35: 8661.32 | H35: Safety stock for spares inventory | I35: 13 | L35: 43556
A36: 26 | B36: 43557 | C36: MRO | D36: STO#4701703043 | E36: Jingxuan | F36: waters | G36: 487.5 | H36: HPLC System UV Test Solutions | I36: 14 | L36: 43556
A37: 27 | B37: 43558 | C37: 2019-174 | E37: Jie Hui | F37: Venture | G37: 264 | H37: Venture Feb 19 Calibration Claim - Calibration (Instrument, LC) | I37: 11
G38: 3656.4 | H38: Venture Feb 19 Calibration Claim - Calibration (Instrument, MS) | I38: 11
G39: 187.7 | H39: Venture Feb 19 Calibration Claim - Miscellaneous Materials | I39: 12
A40: 28 | B40: 43564 | C40: 2019-178 | E40: Jie Hui | F40: Flex | G40: 1436.92 | H40: Flex Feb 19 Calibration Claim - Calibration cost (Kallang) | I40: 11
G41: 601.77 | H41: Flex Feb 19 Calibration Claim - Repair cost (spare parts in Kallang) | I41: 12
A42: 29 | B42: 43577 | C42: 2019-193 | E42: Jie Hui | F42: National Instruments | G42: 686.35 | H42: Repair for SN 160B96F (fail at calibration) SDG$930.90 | I42: 12
A43: 30 | B43: 43577 | C43: MRO | D43: MRO_#4701712730 | E43: Jingxuan | F43: waters | G43: 204.96 | H43: calibration solution to flex kallang | I43: 14 | L43: 43556
A44: 31 | B44: 43577 | C44: 2019-195 | E44: HuaZhen | F44: ANEWTECH | G44: 294.8 | H44: USB to RS232 convertor for OESR S190064 tester TE82760-5 repair | I44: 12 | L44: 43556
A45: 32 | B45: 43592 | C45: 2019-215 | E45: Siddharth | F45: JL Components Trading | G45: 238.93 | H45: Repair of Beacon Test Rig and provide 12pcs of M5-L20 screws (SGD330) | I45: 12 | L45: 43617
A46: 33 | B46: 43592 | C46: 2019-217 | E46: HuaZhen | F46: ITS | G46: 1163.66 | H46: Flex wieghing balance repair ( To Japan) SGD $ 1685.25 | I46: 12 | L46: 43647
A47: 34 | B47: 43592 | C47: 2019-218 | E47: HuaZhen | F47: Micro Precision | G47: 7320 | H47: CEI 2x GTS Onsite Calibration cost | I47: 18 | L47: 43586
A48: 35 | B48: 43593 | C48: 2019-219 | E48: Jie Hui | F48: Flex | G48: 881.09 | H48: Flex Mar 19 Calibration Claim - Calibration cost (Kallang) | I48: 11
G49: 481.48 | H49: Flex Mar 19 Calibration Claim - Calibration cost (Senai) | I49: 11
G50: 65.34 | H50: Flex Mar 19 Calibration Claim - Repair cost (spare parts in Kallang) | I50: 12
A51: 36 | B51: 43593 | C51: 2019-220 | E51: Jie Hui | F51: Venture | G51: 1579.6 | H51: Venture Mar 19 Calibration Claim - Calibration (Instrument, LC) | I51: 11
G52: 203.5 | H52: Venture Mar 19 Calibration Claim - Calibration (Instrument, MS) | I52: 11
G53: 194.02 | H53: Venture Mar 19 Calibration Claim - Miscellaneous Materials | I53: 12
A54: 37 | B54: 43609 | C54: MRO | D54: STO#4701727012 | E54: Jingxuan | F54: waters | G54: 975 | H54: HPLC System UV Test Solutions | I54: 14
A55: 38 | B55: 43623 | C55: 2019-253 | E55: Jie Hui | F55: Venture | G55: 3067.9 | H55: Venture Apr 19 Calibration Claim - Calibration (Instrument, LC) | I55: 11
G56: 284.24 | H56: Venture Apr 19 Calibration Claim - Calibration (PCBA, LC) | I56: 11
G57: 160 | H57: Venture Apr 19 Calibration Claim - Others | I57: 12
A58: 39 | B58: 43627 | C58: 2019-255 | E58: Yee Hwa | F58: Flex | G58: 341.12 | H58: Rework cost for loan QSM (for training purpose) | L58: 43617
A59: 40 | B59: 43634 | C59: 2019-268 | E59: Jie Hui | F59: Flex | G59: 1534.98 | H59: Flex Apr 19 Calibration Claim - Calibration cost (Kallang) | I59: 11 | L59: 43647
G60: 2785.31 | H60: Flex Apr 19 Calibration Claim - Repair cost (spare parts in Kallang) | I60: 12 | L60: 43647
G61: 225.08 | H61: Flex Apr 19 Calibration Claim - Others (Fixture, repairs etc) (GES) | I61: 12 | L61: 43647
A62: 41 | B62: 43634 | C62: 2019-267 | E62: Jie Hui | F62: CEI | G62: 552.29 | H62: CEI Calibration Claim | I62: 11 | L62: 43647
A63: 42 | B63: 43637 | C63: 2019-273 | E63: Jingxuan | F63: JEG Engineering | G63: 256.33 | H63: Replacement of damaged tool 999025154 cost - JEG SGD $350 | I63: 20 | L63: 43678
A64: 43 | B64: 43650 | C64: 2019-296 | E64: HuaZhen | F64: UltraV | G64: 556 | H64: NI PCI 6220 card for Venture FTN TE83064-17 repair (SGD 556) | I64: 12 | L64: 43739
A65: 44 | B65: 43654 | C65: 2019-299 | E65: Jie Hui | F65: Venture | G65: 2559.7 | H65: Venture May 19 Calibration Claim - Calibration (Instrument, LC) | I65: 11 | L65: 43678
G66: 1172.05 | H66: Venture May 19 Calibration Claim - Miscellaneous | I66: 12 | L66: 43678
G67: 320 | H67: Venture Apr 19 Calibration Claim - Others | I67: 12 | L67: 43678
A68: 45 | B68: 43656 | C68: 2019-306 | E68: Jie Hui | F68: Flex | G68: 686.08 | H68: Flex May 19 Calibration Claim - Calibration cost (Kallang) | I68: 11 | L68: 43678
G69: 428 | H69: Flex May 19 Calibration Claim - Repair cost (spare parts in Kallang) | I69: 12 | L69: 43678
G70: 225.08 | H70: Flex May 19 Calibration Claim - Others (Fixture, repairs etc) | I70: 12 | L70: 43678
G71: 1397.23 | H71: Flex May 19 Calibration Claim - Preventive Maintenance | L71: 43678
A72: 46 | B72: 43669 | C72: 2019-322 | E72: HuaZhen | F72: National Instruments | G72: 2255 | H72: NI PXI 2586 GTS Spare Card SGD2412.85 | I72: 13 | L72: 43739
A73: 47 | B73: 43669 | C73: 2019-323 | E73: Jie Hui | F73: Flex | G73: 1202.02 | H73: Flex Jun 19 Calibration Claim - Calibration cost (Kallang) | I73: 11 | L73: 43678
G74: 410.9 | H74: Flex Jun 19 Calibration Claim - Repair cost (spare parts in Kallang) | I74: 12 | L74: 43678
G75: 618.03 | H75: Flex Jun 19 Calibration Claim - Calibration cost (Senai) | I75: 11 | L75: 43678
G76: 145.9 | H76: Flex May 19 Calibration Claim - Preventive Maintenance | L76: 43678
A77: 48 | B77: 43670 | C77: 2019-324 | E77: Jie Hui | F77: Venture | G77: 346.72 | H77: Venture Jun 19 Calibration Claim - Calibration Cost (Instrument) (LC) | I77: 11 | L77: 43709
G78: 284.24 | H78: Venture Jun 19 Calibration Claim - Calibration Cost (PCBA) (MS) | I78: 11 | L78: 43709
A79: 49 | B79: 43679 | C79: 2019-338 | E79: Soo Chin | F79: Venture | G79: 2785 | H79: 210000524- Rework Cost to add in Conformal Coating, and Freight Cost
A80: 50 | B80: 43682 | C80: 2019-344 | E80: SuFern | F80: Genesis Network | G80: 324.68 | H80: To repair Solidworks PC. | I80: 12 | L80: 43709
A81: 51 | B81: 43685 | C81: 2019-353 | E81: HuaZhen | F81: Micro Precision | G81: 4064 | H81: Flex Senai GTS onsite calibration Jul2019 | I81: 18 | L81: 43678
A82: 52 | B82: 43696 | C82: 2019-366 | E82: Siddharth | F82: HCS Scientific and Chemical Pte Ltd | G82: 152.82 | H82: Nitrile Gloves (M-3,L-3), IPA wipes (12 canister) | I82: 15 | L82: 43709
A83: 52 | B83: 43693 | C83: 2019-361 | E83: Yee Hwa | F83: GES | G83: 424 | H83: SIT Packaging | I83: 15
A84: 53 | B84: 43696 | C84: 2019-367 | E84: Yee Hwa | F84: GES | G84: 849.88 | H84: Rework cost for Loan instruments(for training purpose) | I84: 15 | L84: 43739
A85: 54 | B85: 43696 | C85: 2019-368 | E85: Yee Hwa | F85: Flex | G85: 129 | H85: SIT Packaging | I85: 15
A86: 54 | B86: 43696 | D86: MRO | E86: Yee Hwa | F86: Waters | G86: 810.2 | H86: Vial for SIT Testing | I86: 14
A87: 55 | B87: 43691 | D87: STO#4701762947 | E87: Yee Hwa | F87: Waters | G87: 380.5 | H87: Tool & Chemical for SIT project | I87: 14 | L87: 43678
A88: 56 | B88: 43700 | C88: 2019-377 | E88: Siddharth | F88: HCS Scientific and Chemical Pte Ltd | G88: 18.18 | H88: Pipette Pasteur Disposable | I88: 15 | L88: 43709
A89: 57 | B89: 43704 | C89: 2019-383 | E89: Jie Hui | F89: Flex | G89: 1688.72 | H89: Flex Jul 19 Calibration Claim - Calibration cost (Kallang) | I89: 11 | L89: 43739
G90: 709.62 | H90: Flex Jul 19 Calibration Claim - Repair cost (spare parts in Kallang) | I90: 12 | L90: 43739
A91: 58 | B91: 43706 | C91: 2019-386 | E91: Siddharth | F91: HCG Environment Pte Ltd | G91: 238.1 | H91: Collection and disposal of equipment | I91: 14 | L91: 43709
A92: 59 | B92: 43707 | C92: 2019-388 | E92: Jie Hui | F92: Venture | G92: 422.4 | H92: Venture Jul 19 Calibration Claim - Calibration Cost (Instrument) (LC) | I92: 11 | L92: 43709
G93: 385 | H93: Venture Jul 19 Calibration Claim - Calibration Cost (PCBA) (LC) | I93: 11 | L93: 43709
G94: 275 | H94: Venture Jul 19 Calibration Claim - Calibration Cost (PCBA) (MS) | I94: 11 | L94: 43709
G95: 356.51 | H95: Venture Jul 19 Calibration Claim - Miscellaneous | I95: 12 | L95: 43709
A96: 60 | B96: 43707 | C96: MRO | D96: STO#4701774942 | E96: Jie Hui | F96: Waters | G96: 1258.37 | H96: For spares inventory safety stock | I96: 13
A97: 61 | B97: 43697 | C97: MRO | D97: STO#4701774904 | E97: Jie Hui | F97: Waters | G97: 2432.32 | H97: Safety stock (QDa) | I97: 13
A98: 62 | B98: 43710 | C98: 2019-394 | E98: HuaZhen | F98: VICI AG International | G98: 1204.5 | H98: ASFVO spare for Flex pump tray tester | I98: 12 | L98: 43709
A99: 63 | B99: 43717 | C99: MRO | D99: STO#4701774042 | E99: Yee Hwa | F99: Waters | G99: 248.17 | H99: Tool & Chemical for SIT project | I99: 14
A100: 64 | B100: 43731 | C100: 2019-400 | E100: Siddharth | F100: Venture | G100: 2490.4 | H100: Rework of Needle Carriage Assy -55pcs | I100: 12 | L100: 43739
...

Sheet WP21 170100
A1: POs under CEA: WP21 170100 | G1: Approver: | H1: Edwin
F3: 2019 YTD Spend | G3: =SUM(G6:G56) -> 188529.54
A5: S/N | B5: PO Date | C5: PO# | D5: CEA # | E5: Raised By | F5: Supplier | G5: PO Amount | H5: Details | I5: Remarks
A6: 1 | B6: 43516 | C6: 2019-081 | D6: WPPL16003 | E6: Jie Hui | F6: UltraV Pte Ltd | G6: 439.77 | H6: Mmonitor and keyboard for new tester in Venture
A7: 2 | B7: 43602 | C7: 2019-230 | D7: WPPL19008 | E7: HuaZhen | F7: Petracarbon | G7: 17543 | H7: ICT fixture for PCB 210001344 | I7: NA
A8: 3 | B8: 24 | C8: MRO#4701713271 | D8: WPPL19006 | E8: Yee Hwa | F8: Waters | G8: 16741 | H8: Golden I class Stack for BioAccord SIT
A9: 4 | B9: 43691 | C9: 2019-356 | D9: WPPL19010 | E9: Yee Hwa | F9: WKKS | G9: 21150 | H9: Alum-A-Lift- Lifting equipment for SIT
A10: 5 | B10: 43696 | C10: 2019-360 | D10: WPPL19010 | E10: Yee Hwa | F10: UltraV Pte Ltd | G10: =932/1.3 -> 716.92308 | H10: Storage Bin for SIT (SGD932)
A11: 6 | B11: 43696 | C11: 2019-358 | D11: WPPL19010 | E11: Yee Hwa | F11: Syspex | G11: =278/1.3 -> 213.84615 | H11: Pallet Jack for SIT (SGD 278)
A12: 7 | B12: 43742 | C12: 2019-458 | D12: WPPL19011 | E12: Yee Hwa | F12: UltraV Pte Ltd | G12: 675 | H12: Display & Mini PC
A13: 8 | B13: 43711 | C13: 2019-399 | D13: WPPL19011 | E13: Yin Ying | F13: MRPC | G13: 38355 | H13: Replacement tools x4
A14: 9 | B14: 43713 | D14: WPPL19012 | E14: HuaZhen | F14: Milford | G14: 32000 | H14: New CCD Tester TE82520-3
A15: 10 | B15: 43721 | D15: WPPL19014 | E15: Edwin | F15: Milford | G15: 9000 | H15: New Flowcell and Photodiode on 9026661 Tester TE82760
A16: 11 | B16: 43725 | C16: 2019-418 | D16: WPPL19013 | E16: Bethany | F16: Flex | G16: 28300 | H16: Changing soft tool to hardtool (WAT270464,289005822,289002572)
A17: 12 | B17: 43725 | C17: 2019-311 | D17: WPPL19015 | E17: Bethany | F17: CEI | G17: 3750 | H17: TCM/PCM PCB NRE cost
A18: 13 | B18: 43728 | D18: WPPL19016 | E18: HuaZhen | F18: Petracarbon | G18: 19645 | H18: ICT fixture for PCB 210000323
A19: 14
A20: 15
A21: 16
A22: 17
A23: 18
A24: 19
A25: 20
A26: 21
A27: 22
A28: 23
A29: 24
A30: 25
... A56: 51

Sheet MP30 170100
A1: POs under CEA: MP30 170100 | G1: Approver: | H1: Edwin
G2: (USD)
F3: 2019 YTD Spend | G3: =SUM(G6:G55) -> 25354
A5: S/N | B5: PO Date | C5: PO# | D5: CEA # | E5: Raised By | F5: Supplier | G5: PO Amount (USD) | H5: Details | I5: Remarks
A6: 1 | B6: 43468 | C6: 2019-004 | D6: WPPL18031 | E6: Mandy | F6: Inficon | G6: 25354 | H6: Helium Leak Checker | I6: NA
A7: 2
A8: 3
A9: 4
A10: 5
A11: 6
A12: 7
A13: 8
A14: 9
A15: 10
A16: 11
A17: 12
A18: 33
... A55: 50

Sheet WP21 750120
A1: POs under Manual Scrap / Material Obsolecence: WP21 750120 | F1: Approver: | G1: Edwin
E2: Budget | F2: 42000
E3: 2019 YTD Spend | F3: =SUM(F6:F55) -> 23558.22
A5: S/N | B5: PO Date | C5: PO# | D5: Raised By | E5: Supplier | F5: PO Amount | G5: Details | H5: Remarks
A6: 1 | B6: 43508 | C6: 2019-069 | D6: Jie Hui | E6: Venture | F6: 152.48 | G6: Scrap cost ECO9225978 (Scrap account) | H6: COPQ
A7: 2 | B7: 43525 | C7: 2019-098 | D7: Jie Hui | E7: Flex | F7: 4131.78 | G7: Scrap cost of PN425002659 rev B O-Ring (Scrap account) | H7: COPQ
A8: 3 | B8: 43623 | C8: 2019-252 | D8: Jie Hui | E8: Flex | F8: 207.7 | G8: Cost to scrap PN 289008758 Label due to discontinue of 186015018 build.
A9: 4 | B9: 43637 | C9: 2019-275 | D9: Jie Hui | E9: Flex | F9: 2775.84 | G9: 700001219 & 700002554 spare EOL
A10: 5 | B10: 43637 | C10: 2019-276 | D10: Yin Ying | E10: Venture | F10: 1806.12 | G10: Acquity Non-Plus Models EOL materials
A11: 6 | B11: 43662 | C11: 2019-313 | D11: Jie Hui | E11: Flex | F11: 888.8 | G11: ECO 9229036 & 9229648 scrap cost, PN#716001461 & old packaging materials
A12: 7 | B12: 43670 | C12: 2019-321 | D12: Sufern | E12: Venture | F12: 59.22 | G12: FTN Rotary Tray Home H/W fault (S/N K18FNP708G)
A13: 8 | B13: 43700 | C13: 2019-376 | D13: Yin Ying | E13: Venture | F13: 4306.58 | G13: Beacon ECO scrap
A14: 9 | B14: 43718 | C14: 2019-411 | D14: Jie Hui | E14: Flex | F14: 64.57 | G14: Cost to scrap PN WAT270393TMD Screw due to no use after supplier supplies new revision of Flow Cell Cover.
A15: 10 | B15: 43747 | C15: 2019-470 | D15: Yin Ying | E15: Flex | F15: 8343.58 | G15: Scrap of 279000852, 441000620 and child parts for 441000620 - ECO9221720 & 9221721
A16: 11 | B16: 43805 | C16: 2019-551 | D16: Jie Hui | E16: Flex | F16: 821.55 | G16: Scrap cost for 3pc FA samples - Baiteng chassis WAT-289001730-D & WAT-289001899-E child parts - silkscreen change (ECO9229664)
A17: 12
A18: 13
A19: 14
A20: 15
A21: 16
A22: 17
A23: 18
A24: 19
A25: 20
A26: 21
A27: 22
A28: 23
... A55: 50

Sheet WP21 750125
A1: POs under Manual PPV: WP21 750125 | F1: Approver: | G1: Edwin/Yin Ying
E3: 2018 YTD Spend | F3: =SUM(F6:F56) -> 546824.34
A5: S/N | B5: PO Date | C5: PO# | D5: Raised By | E5: Supplier | F5: PO Amount | G5: Details | H5: Remarks
A6: 1 | B6: 43469 | C6: 2019-008 | D6: Jie Hui | E6: CEI | F6: 100 | G6: Expediting cost for PN# 210000520
A7: 2 | B7: 43483 | C7: 2019-035 | D7: Yin Ying | E7: CEI | F7: 2992 | G7: PPV - component purchase for 210000520
A8: 3 | B8: 43495 | C8: 2019-054 | D8: Bethany | E8: CEI | F8: 49.12 | G8: Tariff surcharge for Jan 2019
A9: 4 | B9: 43495 | C9: 2019-055 | D9: Bethany | E9: Venture | F9: 3673.4 | G9: Tariff surcharge for Jan 2019
A10: 5 | B10: 43510 | C10: 2019-071 | D10: Jie Hui | E10: CEI | F10: 2507.76 | G10: PPV - component purchase for 332000377
A11: 6 | B11: 43532 | C11: 2019-118 | D11: Bethany | E11: Venture | F11: 2907.76 | G11: Tariff surcharge for Feb 2019
A12: 7 | B12: 43532 | C12: 2019-119 | D12: Bethany | E12: Flex | F12: 16844.9 | G12: Tariff surcharge for Jan 2019
A13: 8 | B13: 43537 | C13: 2019-124 | D13: Bethany | E13: Flex | F13: 7372.18 | G13: Q1'2019 retro claim
A14: 9 | B14: 43537 | C14: 2019-126 | D14: Bethany | E14: CEI | F14: 55.78 | G14: Tariff surcharge for Feb & Mar 2019
A15: 10 | B15: 43545 | C15: 2019-141 | D15: Bethany | E15: Flex | F15: 13078.85 | G15: Tariff surcharge for Feb 2019
A16: 11 | B16: 43550 | C16: 2019-150 | D16: Bethany | E16: Flex | F16: 23942.47 | G16: Q1 2019 BUBD_PPV_JPY FX claim
A17: 12 | B17: 43559 | C17: 2019-164 | D17: Bethany | E17: Venture | F17: 21270.09 | G17: Q1 2019 BUBD_retro claim_JPY FX claim
... A51: 46 | B51: 43843 | C51: 2020-021 | D51: Yin Ying | E51: ETLA | F51: 19035 | G51: Claim for 405002568
A52: 47
A53: 48
A54: 49
A55: 50
A56: 51

Sheet Other
A1: POs under Other Account #: | F1: Approver: | G1: Edwin/Yin Ying
E3: 2018 YTD Spend | F3: =SUM(F5:F53) -> 5578.8489
A5: S/N | B5: PO Date | C5: PO# | D5: Raised By | E5: Supplier | F5: PO Amount (USD) | G5: Details | H5: Remarks
A6: 1 | B6: 43524 | C6: 2019-097 | D6: Jie Hui | E6: CMTI | F6: 1042.35 | G6: Rework for 441001104 and tool cost
A7: 2 | B7: 43500 | C7: 2019-109 | D7: Jie Hui | E7: FuYu | F7: 94.75 | G7: 441001104 cable assembly to Milford
A8: 3 | B8: 43542 | C8: 2019-131 | D8: Jie Hui | E8: Grain | F8: 717.6 | G8: Buffet for SRVP visit
A9: 4 | B9: 43542 | C9: 2019-132 | D9: Jie Hui | E9: Neo Garden | F9: 331.54 | G9: Buffet for SRVP visit
A10: 5 | B10: 43570 | C10: 2019-186 | D10: Jie Hui | E10: Venture | F10: =3242.37/1.35 -> 2401.7556 | G10: Venture Rework for 441001104 and tool cost (SGD$3242.37) | H10: SG02-WP51-615080
A11: 6 | B11: 43577 | C11: 2019-202 | D11: Jie Hui | E11: CMTI | F11: 151.62 | G11: 441001104 Rev B (Field Return Rework) | H11: SG02-WP51-615080
A12: 7 | B12: 43815 | C12: 2019-561 | D12: Yin Ying | E12: Gripwell | F12: =598.5/1.35 -> 443.33333 | G12: 15 pieces of Mini Slide (Mantis) SGD 598.50 | H12: Mantis 2018-004
A13: 55 | B13: 43777 | C13: 2019-509 | D13: Jie Hui | E13: Grain Pte Ltd | F13: 395.9 | G13: 20pax - MiniBuffet
A14: 9
A15: 11
A16: 20
A17: 12
A18: 13
A19: 14
A20: 15
A21: 16
A22: 17
A23: 18
A24: 19
A25: 20
... A55: 50

Sheet Chart - WP21 615150
B17: ** Fill in orange cells only
B18: Category | C18: Q1 | D18: Q2 | E18: Q3 | F18: Q4 | G18: FY2016 | J18: Spend Breakdown (2016) | K18: USD
B19: Budget | C19: =87000/4 -> 21750 | D19: =87000/4 -> 21750 | E19: =87000/4 -> 21750 | F19: =87000/4 -> 21750 | G19: =SUM(C19:F19) -> 87000 | J19: Calibration Instrument Cost 2016 | K19: ='WP21 615150'!O7 -> 72145.925
B20: Cumm Budget | C20: =C19 -> 21750 | D20: =C20+D19 -> 43500 | E20: =D20+E19 -> 65250 | F20: =E20+F19 -> 87000 | G20: =G19 -> 87000 | J20: Repair cost | K20: ='WP21 615150'!O8 -> 38624.62
B21: YTD - Tooling | C21: 26925.45 | D21: 8281 | E21: =K27-D22 -> 141813.28 | G21: =SUM(C21:F21) -> 177019.73 | J21: Spares | K21: ='WP21 615150'!O9 -> 24777.48
B22: Cumm YTD Expense | C22: =C21 -> 26925.45 | D22: =C22+D21 -> 35206.45 | E22: =D22+E21 -> 177019.73 | F22: =E22+F21 -> 177019.73 | J22: Chemicals (Consumables) | K22: ='WP21 615150'!O10 -> 4242.87
J23: Asset Replacement | K23: ='WP21 615150'!O11 -> 0
A24: Q1 | B24: YTD - Tooling | C24: =C21 -> 26925.45 | D24: =C24 -> 26925.45 | E24: =D24 -> 26925.45 | F24: =E24 -> 26925.45 | J24: Msc | K24: ='WP21 615150'!O12 -> 25844.84
A25: Q2 | B25: YTD - Tooling | D25: =D21 -> 8281 | E25: =D25 -> 8281 | F25: =E25 -> 8281 | J25: Calibration PCBA Cost 2016 | K25: ='WP21 615150'!O15 -> 11384
A26: Q3 | B26: YTD - Tooling | E26: =E21 -> 141813.28 | F26: =E26 -> 141813.28 | J26: Repair cost PCBA | K26: ='WP21 615150'!O16 -> 0
A27: Q4 | B27: YTD - Tooling | F27: =F21 -> 0 | J27: Subtotal | K27: =SUBTOTAL(109,K19:K24)+K25+K26 -> 177019.73
A28: FY2015 | B28: YTD - Tooling | G28: =G21 -> 177019.73 | J28: Spend Breakdown (2015) | K28: USD
J29: Calibration Cost 2015 | K29: ='WP21 615150'!#REF! -> #REF!
D30: =K27-D24 -> 150094.28 | F30: =K27-E22 -> 0 | J30: Spares 2015 | K30: ='WP21 615150'!O14 -> 0

Sheet Chart - WP21 615100
B17: ** Fill in orange cells only
B18: Category | C18: Q1 | D18: Q2 | E18: Q3 | F18: Q4 | G18: FY2017 | J18: Spend Breakdown | K18: USD
B19: Budget | C19: =43598/4 -> 10899.5 | D19: =43598/4 -> 10899.5 | E19: =43598/4 -> 10899.5 | F19: =43598/4 -> 10899.5 | G19: =SUM(C19:F19) -> 43598 | J19: NRE & Tool Cost | K19: ='WP21 615100'!N8 -> 17238
B20: Cumm Budget | C20: =C19 -> 10899.5 | D20: =C20+D19 -> 21799 | E20: =D20+E19 -> 32698.5 | F20: =E20+F19 -> 43598 | G20: =G19 -> 43598 | J20: FA Sample / Evaluation Run Cost | K20: ='WP21 615100'!N9 -> 9362.78
B21: YTD - Project | C21: 18541.55 | D21: 12389.84 | E21: 21525.71 | F21: 3214.65 | G21: =SUM(C21:F21) -> 55671.75 | J21: Material Purchase Cost | K21: ='WP21 615100'!N10 -> 4027.265
B22: Cumm YTD Expense | C22: =C21 -> 18541.55 | D22: =C22+D21 -> 30931.39 | E22: =D22+E21 -> 52457.1 | F22: =E22+F21 -> 55671.75 | J22: ECO Change Impact Cost | K22: ='WP21 615100'!N11 -> 2325
J23: Supplier Development Project | K23: ='WP21 615100'!N12 -> 12432.46
A24: Q1 | B24: YTD - Project | C24: =C21 -> 18541.55 | D24: =C24 -> 18541.55 | E24: =D24 -> 18541.55 | F24: =E24 -> 18541.55 | J24: SQT Testing | K24: ='WP21 615100'!N13 -> 43071.27
A25: Q2 | B25: YTD - Project | D25: =D21 -> 12389.84 | E25: =D25 -> 12389.84 | F25: =E25 -> 12389.84 | J25: Rework | K25: ='WP21 615100'!N14 -> 25890.86
A26: Q3 | B26: YTD - Project | E26: =E21 -> 21525.71 | F26: =E26 -> 21525.71 | J26: Miscellaneous / etc | K26: ='WP21 615100'!N15 -> 330.49
A27: Q4 | B27: YTD - Project | F27: =F21 -> 3214.65 | J27: Training | K27: ='WP21 615100'!N16 -> 879.25926
A28: FY2017 | B28: YTD - Project | G28: =G21 -> 55671.75 | K28: ='WP21 615100'!N17 -> 3626.55
J29: Total | K29: =SUBTOTAL(109,K19:K28) -> 119183.93
K30: =G21+K28-K29 -> -59885.634
